 Dungeon Crawl Stone Soup version 0.31-a0-246-g8cbcc1cb85 (webtiles) character file.

Game seed: 7158200648446526468

826 qw the Skirmisher (level 7, -10/61 HPs)
             Began as a Minotaur Hexslinger on July 12, 2023.
             Was an Initiate of Okawaru.
             Mangled by a hornet (13 damage)
             ... while paralysed by a hornet
             ... on level 5 of the Dungeon.
             The game lasted 00:01:47 (4482 turns).

qw the Skirmisher (Minotaur Hexslinger)             Turns: 4482, Time: 00:01:47

Health: -10/61     AC:  5    Str: 12    XL:     7   Next: 64%
Magic:  7/7        EV:  2    Int: 10    God:    Okawaru [......]
Gold:   144        SH:  0    Dex: 15    Spells: 7/8 levels left

rFire   . . .        Y - +1 sling
rCold   . . .        (no shield)
rNeg    . . .        g - +0 ring mail
rPois   .            (helmet restricted)
rElec   .            (no cloak)
rCorr   .            (no gloves)
SInv    .            (no boots)
Will    .....        (no amulet)
Stlth   +            j - +5 ring of evasion
HPRegen 0.30/turn    (no ring)
MPRegen 0.10/turn

%: no passive effects
@: paralysed, lethally poisoned (-10 -> -53), slowed
A: horns 2, retaliatory headbutt
a: Renounce Religion


You were on level 5 of the Dungeon.
You worshipped Okawaru.
Okawaru was noncommittal.
You visited 2 branches of the dungeon, and saw 6 of its levels.

You collected 199 gold pieces.
You spent 55 gold pieces at shops.


Innate Abilities, Weirdness & Mutations

You have a pair of horns on your head.
You reflexively headbutt those who attack you in melee.


   Skills:
 - Level 5.0 Fighting
 + Level 8.4 Ranged Weapons
 - Level 1.0 Armour
 - Level 2.1 Dodging
 - Level 1.0 Spellcasting
 - Level 2.0 Hexes


You had 7 spell levels left.
You knew the following spells:

 Your Spells              Type           Power      Damage    Failure   Level
a - Slow                  Hex            16%        N/A       34%         1

Your spell library contained the following spells:

 Spells                   Type           Power      Damage    Failure   Level
 Inner Flame              Hex/Fire       2%         N/A       83%         3
 Portal Projectile        Hex/Tloc       4%         N/A       83%         3
 Cause Fear               Hex            2%         N/A       98%         4

Inventory:

Hand Weapons
 Y - a +1 sling (weapon)
Armour
 g - a +0 ring mail (worn)
Jewellery
 j - a +5 ring of evasion (left hand)
Scrolls
 h - 2 scrolls of identify
Potions
 a - a potion of resistance
 b - a potion of curing
 c - a potion of heal wounds {unknown}
 d - a potion of might
 f - a potion of enlightenment
 i - a potion of cancellation

Dungeon Overview and Level Annotations

Branches:
Dungeon (5/15)             Temple (1/1) D:5

Altars:
Dithmenos
Elyvilon
Gozag
Hepliaklqana
Kikubaaqudgha
Makhleb
Nemelex Xobeh
Okawaru
Qazlal
Ru
Sif Muna
Trog
Uskayaw
Vehumet
Wu Jian
Xom
Yredelemnul
Zin
The Shining One

Shops:
D:2 !


Message History

The centaur is severely wounded.
The centaur closely misses you. x2; The scorpion stings you.
The orc closely misses you. The centaur hits you.
The centaur closely misses you.
The scorpion stings you but does no damage.
You shoot a sling bullet. The sling bullet hits the centaur.
The centaur is almost dead.
The hornet stings you but does no damage.
The centaur hits you. The centaur barely misses you.
The orc closely misses you. The scorpion closely misses you.
You furiously retaliate!
You headbutt the scorpion. The hornet stings you.
You are poisoned.
You feel yourself slow down. The centaur misses you. You furiously retaliate!
You headbutt the centaur.
You kill the centaur!
Okawaru accepts your kill.
You shoot a sling bullet.
The sling bullet barely misses the scorpion.
You feel yourself speed up.
You feel very sick. The hornet barely misses you.
The scorpion barely misses you. The orc misses you. The hornet stings you.
You are more poisoned.
You suddenly lose the ability to move!
The scorpion stings you.
You are more poisoned.
The scorpion poisons you!
The orc hits you from afar with a +0 trident.
You feel very sick. The hornet stings you.
You are lethally poisoned!
You feel yourself slow down. The scorpion stings you.
The orc hits you from afar with a +0 trident.
The hornet stings you.
You are more poisoned.
You feel as though you will be slow longer.
You feel extremely sick. The scorpion stings you.
You are more poisoned.
The scorpion poisons you! The hornet stings you!
You die...

.............. .....
........#...# . .....
#......##...## .#....#
......##.....# ......# .
.....##..#.#..##...). ..
........##.##.....# ...
..>....##...##...# ....
..........>.....s# .o...
#......##...##..@##......
##......##.##..)y.o..)...
#..#.##..#.#..##....#...#
.#.... #.....##..#..# #
##... #...##..#..##
#...#...#.....
...............
....###....###. ....
.....#


You could see a hornet, a scorpion and an orc.

Vanquished Creatures
  Sigmund (D:5)
  An ogre (D:5)
  A black bear (D:5)
  A centaur (D:5)
  A scorpion (D:4)
  A hound (D:4)
  An orc priest (D:5)
  Terence (D:2)
  A sleepcap (D:4)
  An iguana (D:5)
  Robin (D:2)
  7 adders
  2 gnolls (D:4)
  2 ufetubi
  A worm (D:2)
  A dart slug (D:5)
  6 orcs
  4 endoplasms
  10 giant cockroaches
  15 goblins
  7 hobgoblins
  7 jackals (D:1)
  6 kobolds
  5 quokkas
  7 ball pythons
  A bat (D:1)
  3 frilled lizards
  7 rats
102 creatures vanquished.

Notes
Turn   | Place    | Note
-------+----------+-------------------------------------------
     0 | D:1      | qw the Minotaur Hexslinger began the quest for the Orb.
     0 | D:1      | Reached XP level 1. HP: 16/16 MP: 1/1
     0 | D:1      | 0 ||| qw: Version: 0.3-a-52-g30416fa
     0 | D:1      | 0 ||| qw: Game counter: 6415
     0 | D:1      | 0 ||| qw: Melee chars always use a shield: true
     0 | D:1      | 0 ||| qw: God list: Okawaru
     0 | D:1      | 0 ||| qw: Allow faded altars: false
     0 | D:1      | 0 ||| qw: Do Orc after clearing Dungeon:15 true
     0 | D:1      | 0 ||| qw: Do second Lair branch before Depths: true
     0 | D:1      | 0 ||| qw: Lair rune preference: random
     0 | D:1      | 0 ||| qw: Goals: Normal
     0 | D:1      | 0 ||| PLANNING D:1-11
    93 | D:1      | Reached skill level 3 in Ranged Weapons
    93 | D:1      | 93 ||| FLEEEEING.
    94 | D:1      | 94 ||| FLEEEEING.
    95 | D:1      | 95 ||| FLEEEEING.
    96 | D:1      | 96 ||| FLEEEEING.
    97 | D:1      | 97 ||| FLEEEEING.
    98 | D:1      | 98 ||| FLEEEEING.
    99 | D:1      | 99 ||| FLEEEEING.
   100 | D:1      | 100 ||| FLEEEEING.
   101 | D:1      | 101 ||| FLEEEEING.
   102 | D:1      | 102 ||| FLEEEEING.
   103 | D:1      | 103 ||| FLEEEEING.
   104 | D:1      | 104 ||| FLEEEEING.
   105 | D:1      | 105 ||| FLEEEEING.
   106 | D:1      | 106 ||| FLEEEEING.
   107 | D:1      | 107 ||| FLEEEEING.
   108 | D:1      | 108 ||| FLEEEEING.
   109 | D:1      | 109 ||| FLEEEEING.
   110 | D:1      | 110 ||| FLEEEEING.
   111 | D:1      | 111 ||| FLEEEEING.
   112 | D:1      | 112 ||| FLEEEEING.
   113 | D:1      | 113 ||| FLEEEEING.
   114 | D:1      | 114 ||| FLEEEEING.
   115 | D:1      | 115 ||| FLEEEEING.
   116 | D:1      | 116 ||| FLEEEEING.
   117 | D:1      | 117 ||| FLEEEEING.
   119 | D:1      | Reached XP level 2. HP: 21/23 MP: 2/2
   369 | D:1      | 369 ||| Stepping ~*~*~tactically~*~*~ (outnumbered).
   376 | D:1      | 376 ||| Stepping ~*~*~tactically~*~*~ (outnumbered).
   554 | D:1      | Reached XP level 3. HP: 29/29 MP: 3/3
   617 | D:1      | 617 ||| Stepping ~*~*~tactically~*~*~ (water).
   875 | D:1      | 875 ||| UPGRADING to +0 ring mail.
   885 | D:1      | 885 ||| DROPPING +0 robe.
   886 | D:1      | 886 ||| DROPPING amulet of magic regeneration.
   887 | D:1      | 887 ||| READING scroll labelled OKHO FUPUGHEAGH.
   891 | D:1      | 891 ||| READING scroll labelled OXENEXZOEWN.
   992 | D:1      | 992 ||| READING scroll labelled GYV TEAC YNO.
   993 | D:1      | 993 ||| DROPPING scroll of poison.
  1166 | D:2      | Reached skill level 4 in Ranged Weapons
  1216 | D:2      | Found Tavel's Distillery.
  1228 | D:2      | 1228 ||| BUYING potion of enlightenment (55 gold).
  1228 | D:2      | Bought a potion of enlightenment for 55 gold pieces
  1228 | D:2      | 1228 ||| SHOPLISTING potion of haste (110 gold, have 21).
  1228 | D:2      | 1228 ||| SHOPLISTING potion of heal wounds (55 gold, have
                  | 21).
  1228 | D:2      | 1228 ||| SHOPLISTING potion of might (44 gold, have 21).
  1276 | D:2      | Reached skill level 1 in Armour
  1361 | D:2      | Reached XP level 4. HP: 33/36 MP: 4/4
  1609 | D:2      | Noticed Robin
  1626 | D:2      | Killed Robin
  1630 | D:2      | Reached skill level 5 in Ranged Weapons
  1763 | D:2      | Noticed Terence
  1777 | D:2      | Killed Terence
  2092 | D:2      | 2092 ||| READING scroll labelled VUNNAY MIUHEC.
  2170 | D:2      | 2170 ||| STAIRDANCE
  2319 | D:3      | Reached XP level 5. HP: 44/44 MP: 5/5
  2326 | D:3      | Reached skill level 3 in Fighting
  2678 | D:3      | 2678 ||| READING scroll labelled OSEN SURUKUA.
  2679 | D:3      | 2679 ||| READING 3 scrolls of identify.
  2679 | D:3      | 2679 ||| IDENTIFYING green potion
  2680 | D:3      | 2680 ||| READING 2 scrolls of identify.
  2680 | D:3      | 2680 ||| IDENTIFYING fuming clear potion
  2717 | D:4      | 2717 ||| STAIRDANCE
  3288 | D:4      | 3288 ||| Stepping ~*~*~tactically~*~*~ (outnumbered).
  3296 | D:4      | HP: 8/45 [gnoll/+0 halberd (13)]
  3297 | D:4      | 3297 ||| READING 2 scrolls of teleportation.
  3629 | D:4      | HP: 3/45 [gnoll/+0 halberd (12)]
  3630 | D:4      | 3630 ||| READING scroll of teleportation.
  3630 | D:4      | HP: 1/45 [gnoll/+0 halberd (2)]
  3832 | D:4      | Reached skill level 6 in Ranged Weapons
  4041 | D:4      | Reached XP level 6. HP: 49/51 MP: 6/6
  4097 | D:4      | 4097 ||| UPGRADING to +5 ring of evasion.
  4098 | D:4      | 4098 ||| DRINKING 2 fizzy sapphire potions.
  4103 | D:4      | 4103 ||| READING 3 scrolls of identify.
  4103 | D:4      | 4103 ||| IDENTIFYING bubbling golden potion
  4104 | D:4      | 4104 ||| READING 2 scrolls of identify.
  4104 | D:4      | 4104 ||| IDENTIFYING silvery potion
  4105 | D:4      | 4105 ||| DROPPING potion of ambrosia.
  4106 | D:4      | 4106 ||| DROPPING potion of invisibility.
  4164 | D:5      | Entered Level 5 of the Dungeon
  4178 | D:5      | 4178 ||| STAIRDANCE
  4223 | D:5      | Reached skill level 7 in Ranged Weapons
  4223 | D:5      | Reached XP level 7. HP: 58/60 MP: 7/7
  4228 | D:5      | Noticed Sigmund
  4258 | D:5      | Killed Sigmund
  4259 | D:5      | Reached skill level 8 in Ranged Weapons
  4390 | D:5      | Found a staircase to the Ecumenical Temple.
  4391 | D:5      | 4391 ||| PLANNING TEMPLE
  4396 | Temple   | Entered the Ecumenical Temple
  4396 | Temple   | Found a transporter.
  4396 | Temple   | Found a transporter.
  4398 | Temple   | Found a transporter.
  4398 | Temple   | Found a transporter.
  4408 | Temple   | 4408 ||| PLANNING D:1-11
  4411 | Temple   | 4411 ||| PLANNING OKAWARU WORSHIP
  4416 | Temple   | Became a worshipper of Warmaster Okawaru
  4417 | Temple   | 4417 ||| PLANNING D:1-11
  4466 | D:5      | 4466 ||| Stepping ~*~*~tactically~*~*~ (outnumbered).
  4473 | D:5      | Noticed a hornet
  4480 | D:5      | Paralysed by a hornet for 3 turns
  4481 | D:5      | HP: 12/61 [hornet (5)]
  4482 | D:5      | HP: 4/61 [poisoned by a hornet]
  4482 | D:5      | Mangled by a hornet

Levels and vault maps discovered:
D:1:      ebering_trefoil_3fold, layout_basic, serial_bayou_crossing
D:2:      layout_basic, serial_shops, nicolae_shop_advertising_works
          [nicolae_subvault_shop_adworks], uniq_robin, uniq_terence
D:3:      layout_rooms, columned_hall_lemuel
D:4:      layout_loops_corners
D:5:      layout_cave_pools, minmay_temple_entry_waves, serial_shops, shop,
          nicolae_shop_vocational, uniq_sigmund
Temple:   hellmonk_temple_divided_pantheon

Skill      XL: |  1  2  3  4  5  6  7 |
---------------+----------------------+-----
Ranged Weapons | 3 4 5 6 7 8 |  8.4
Fighting       | 2 3 4 5 |  5.0
Armour         | 1 |  1.0
Dodging        | |  2.1
Spellcasting   | |  1.0
Hexes          | |  2.0

Action                     |  1- 3 |  4- 6 |  7- 9 || total
---------------------------+-------+-------+-------++-------
   Fire: Sling             |   128 |   246 |    47 ||   421
    Use: Scroll            |     3 |     8 |       ||    11
         Potion            |       |     1 |       ||     1
 Armour: Robe              |     8 |       |       ||     8
         Ring mail         |    18 |    43 |    10 ||    71
  Dodge: Dodged            |    50 |   119 |    63 ||   232

Table legend:
 A = Non-vault XP
 B = Vault XP
 C = Vault XP percentage of total XP
 D = Non-vault monster count
 E = Vault monster count
 F = Vault count percentage of total count
                 A         B        C        D         E       F
            +---------+---------+-------+---------+---------+-------
      Total |     876 |     304 |  25.8 |      89 |      13 |  12.7
            +---------+---------+-------+---------+---------+-------
        D:1 |      56 |       0 |   0.0 |      33 |       0 |   0.0
        D:2 |      66 |      73 |  52.5 |      17 |      12 |  41.4
        D:3 |      44 |       0 |   0.0 |      11 |       0 |   0.0
        D:4 |     257 |       0 |   0.0 |      20 |       0 |   0.0
        D:5 |     453 |     231 |  33.8 |       8 |       1 |  11.1
            +---------+---------+-------+---------+---------+-------
